AoeStats
← GAX |_TempesT_

Enclosed

506263263Analyzed
1v1 RM · 21d ago on Sep 12, 2026· 40m 15s· 2 players
Game mode
Random Map
Map size
Tiny (2 player)
Population
200
Speed
Normal
Resources
Standard
Victory
Conquest
Starting age
Dark Age
Ending age
Imperial Age
RankedLock teamsTeams togetherTeam positionsShared explorationLock speedFull tech treeHidden civsTurbo modeCheats
Victory
Defeat
🇲🇽 Armenians · Mexico
1379
+16
🇧🇷 Aztecs · Brazil
1380
-16
tavoo
7:42 Loom
9:50 Feudal Age
11:34 Man-at-Arms
12:11 Double-Bit Axe
12:22 Town Watch
13:50 Gold Mining
16:18 Fletching
19:54 Padded Archer Armor
23:47 Castle Age
24:32 Bodkin Arrow
31:38 Squires
36:25 Guard Tower
41:40 Imperial Age
40:23 Ballistics
GAX |_TempesT_
12:55 Feudal Age
11:13 Loom
12:59 Feudal Age
14:24 Double-Bit Axe
14:20 Horse Collar
14:30 Gold Mining
15:49 Fletching
16:00 Padded Archer Armor
19:46 Wheelbarrow
23:55 Castle Age
24:13 Crossbowman
25:37 Bodkin Arrow
25:10 Elite Skirmisher
26:18 Ballistics
28:46 Town Watch
30:06 Scale Mail Armor
31:20 Chain Mail Armor
31:57 Bow Saw
31:37 Eagle Warrior
32:37 Stone Mining
34:36 Squires
35:25 Forging
36:01 Arson
37:06 Iron Casting
Connection lost

Rejoining the realm…

Still unreachable

The connection could not be restored.

Session expired

The server has moved on; the page needs a fresh start.